 Dungeon Crawl Stone Soup version 0.28.0-53-g5a82cb258f (webtiles) character file.

Game seed: 12381908595308032779

30 Descartes the Shield-Bearer (level 3, 0/29 HPs)
             Began as a Formicid Fighter on Aug 14, 2022.
             Succumbed to an adder's poison
             ... on level 2 of the Dungeon.
             The game lasted 00:02:24 (1088 turns).

Descartes the Shield-Bearer (Formicid Fighter)      Turns: 1088, Time: 00:02:24

Health: 0/29       AC:  7    Str: 20    XL:     3   Next: 37%
Magic:  3/3        EV:  9    Int:  9    God:
Gold:   20         SH:  4    Dex: 10    Spells: 2/2 levels left

rFire   . . .      SeeInvis +   a - +0 war axe
rCold   . . .      Faith    .   c - +0 buckler
rNeg    . . .      Spirit   .   b - +0 scale mail
rPois   .          Reflect  .   (helmet unavailable)
rElec   .          Harm     .   (no cloak)
rCorr   .          Rampage  .   (no gloves)
Will    .....                   (no boots)
Stlth   ..........              (no amulet)
HPRegen 0.09/turn               (no ring)
MPRegen 0.08/turn               (no ring)

@: mighty, lethally poisoned (0 -> -5)
A: permanent stasis, dig shafts and tunnels, antennae 3, four strong arms
a: Dig, Shaft Self


You were on level 2 of the Dungeon.
You visited 1 branch of the dungeon, and saw 2 of its levels.

You collected 20 gold pieces.

Inventory:

Hand Weapons
 a - a +0 war axe (weapon)
Missiles
 f - 21 stones
 g - 9 arrows
Armour
 b - a +0 scale mail (worn)
 c - a +0 buckler (worn)
Scrolls
 e - a scroll of enchant armour {unknown}
 h - a scroll of fear {unknown}


   Skills:
 - Level 3.2 Fighting
 + Level 2.4 Axes
 + Level 3.7 Armour
 + Level 4.0 Shields
 + Level 1.1 Translocations


You had 2 spell levels left.
You didn't know any spells.
Your spell library was empty.

Dungeon Overview and Level Annotations

Branches:
Dungeon (2/15)

Altars:


Innate Abilities, Weirdness & Mutations

You cannot be hasted, slowed, berserked, paralysed or teleported.
You can dig through walls and to a lower floor.
You have a pair of large antennae on your head. (SInv)
Your four strong arms can wield two-handed weapons with a shield.


Message History

You are too injured to fight recklessly!
You are too injured to fight recklessly!
You are too injured to fight recklessly!
You are too injured to fight recklessly!
You are too injured to fight recklessly!
Unknown command.
You are too injured to fight recklessly!
You are too injured to fight recklessly!
You are too injured to fight recklessly!
You are too injured to fight recklessly!
You are too injured to fight recklessly!
You are too injured to fight recklessly!
You are too injured to fight recklessly!
You are too injured to fight recklessly!
You are too injured to fight recklessly!
You are too injured to fight recklessly!
You are too injured to fight recklessly!
You are too injured to fight recklessly!
You are too injured to fight recklessly!
You are too injured to fight recklessly!
You are too injured to fight recklessly!
You are too injured to fight recklessly!
You are too injured to fight recklessly!
You are too injured to fight recklessly!
You hit the kobold.
The kobold is moderately wounded.
You hit the adder but do no damage. The kobold misses you. The adder bites you.
You are poisoned.
The adder poisons you! The kobold barely misses you.
The adder bites you but does no damage.
You hit the kobold.
You kill the kobold!
You miss the adder.
You feel sick.
The goblin shoots a sling bullet.
The sling bullet hits you.
* * * LOW HITPOINT WARNING * * *
The adder barely misses you.
The goblin shoots a sling bullet.
You block the sling bullet. The adder bites you.
* * * LOW HITPOINT WARNING * * *
You feel very mighty all of a sudden.
You die...

.. .#.###.
.#.#####.#.....
....$....#.....
#............# .
............# . .##
#........... . ..#
#..S)....... #. #.#
#...@.g..... #.###.#
#..........#
.##.....###..........#
...#..<..(....>.......
#.........†..........
#........#..#..###...
...#.......##...## .##
.. ##.........### # .
#.....†###.#


You could see an adder and a goblin.

Vanquished Creatures
  A dart slug (D:1)
  3 endoplasms
  3 giant cockroaches (D:1)
  2 hobgoblins (D:1)
  4 kobolds
  3 quokkas
  4 bats
  A frilled lizard (D:1)
  3 rats
24 creatures vanquished.

Notes
Turn   | Place    | Note
-------+----------+-------------------------------------------
     0 | D:1      | Descartes the Formicid Fighter began the quest for the Orb.
     0 | D:1      | Reached XP level 1. HP: 18/18 MP: 1/1
   168 | D:1      | Reached XP level 2. HP: 23/24 MP: 2/2
   756 | D:1      | Reached XP level 3. HP: 29/29 MP: 3/3
   896 | D:1      | Reached skill level 4 in Shields
  1043 | D:2      | Reached skill level 1 in Translocations
  1087 | D:2      | HP: 1/29 [adder (3)]
  1088 | D:2      | Succumbed to an adder's poison

Illustrated notes

Levels and vault maps discovered:
D:1:      lightli_iron_boxes, layout_basic, kennysheep_pointless_box
D:2:      layout_rooms, hellmonk_ecumenical_altar_slurped_away, basic_altar

Skill      XL: |  1  2  3 |
---------------+----------+-----
Shields        | 4 |  4.0
Translocations | 1 |  1.1
Fighting       | |  3.2
Axes           | |  2.4
Armour         | |  3.7

Action                   || total
-------------------------++-------
Melee: War axe           ||    70
  Use: Potion            ||     1
Armor: Scale mail        ||    37
Dodge: Dodged            ||    46
Block: Buckler           ||    27
